 Dungeon Crawl Stone Soup version 0.17-a0-1614-g2062e81 (console) character file.

35 Monkaria the Scratcher (level 3, 0/17 HPs)
             Began as a Felid Berserker on July 31, 2015.
             Was a Believer of Trog.
             Slain by a kobold
             ... wielding a cursed -2 short sword
              (4 damage)
             ... on level 1 of the Dungeon.
             The game lasted 00:01:20 (1499 turns).

Monkaria the Scratcher (Felid Berserker)            Turns: 1499, Time: 00:01:20

Health: 0/17       AC:  1    Str: 14    XL:     3   Next: 16%
Magic:  4/4        EV: 19    Int:  8    God:    Trog [**....]
Gold:   96         SH:  0    Dex: 15    Spells: 0 memorised, 2 levels left
                                        Lives:  0   Deaths: 0

rFire  . . .     SeeInvis +       - Unarmed
rCold  . . .     Clarity  .     (armour unavailable)
rNeg   . . .     SustAt   .     (shield unavailable)
rPois  .         Gourm    .     (helmet unavailable)
rElec  .         Spirit   .     (cloak unavailable)
rCorr  .         Warding  .     (gloves unavailable)
rMut   .         Stasis   .     (boots unavailable)
MR     ++...                    (no amulet)
Stlth  ++........               (no ring)
                                (no ring)

@: regenerating, quick, very resistant to hostile enchantments, unstealthy
A: no armour, no weapons or thrown items, claws 1, fangs 3, see invisible,
carnivore 3, speed 1, shaggy fur 1, slow metabolism 1, sharp paws
a: Burn Spellbooks, Berserk, Trog's Hand, Renounce Religion


You were on level 1 of the Dungeon.
You worshipped Trog.
Trog was pleased with you.
You were not hungry.

You visited 1 branch of the dungeon, and saw 2 of its levels.

You collected 96 gold pieces.

Inventory:

Scrolls
 b - 3 scrolls of remove curse {unknown}
Potions
 c - a potion of curing {unknown}
Comestibles
 a - a meat ration


   Skills:
 - Level 3.0 Fighting
 + Level 4.0 Dodging
 - Level 4.2 Unarmed Combat


You had 2 spell levels left.
You didn't know any spells.

Dungeon Overview and Level Annotations

Branches:
Dungeon (2/15)

Altars:


Innate Abilities, Weirdness & Mutations

You cannot wear armour.
You are incapable of wielding weapons or throwing items.
You have sharp claws.
You have razor-sharp teeth.
You have supernaturally acute eyesight.
You are carnivorous and can eat meat at any time.
You cover ground quickly.
You are covered in fur (AC +1).
You have a slow metabolism.
Your sharp claws are effective at attacking unaware monsters.


Message History

There is a stone staircase leading up here.
The giant gecko bites you.
* * * LOW HITPOINT WARNING * * *
You climb upwards.
There is a stone staircase leading down here.
You miss the giant gecko. You claw the giant gecko.
The giant gecko is moderately wounded.
The giant gecko completely misses you.
A kobold comes into view. It is wielding a short sword.
The kobold shouts!
You scratch the kobold but do no damage.
The kobold hits you but does no damage.
You scratch the kobold but do no damage.
You closely miss the kobold. Your bite misses the kobold.
The kobold barely misses you.
Use which ability? (? or * to list)
Your skin crawls.
You feel resistant to hostile enchantments.
You feel slightly more hungry. The kobold hits you with a short sword.
You die...

..................#.############.
########..##.....#...............
#............#############
#...#.....#...............
#.).#.....#l...########.##
########...#####.#....# #.#
.......#...## #.#...[# #.#
.......#.#..# #K#....########.##
.......#.#..####@#..............#
.......#.#.......#..#.########..#
.#######.#..>..........#..####..#
.........#########..............#
#######........#.......#..#####.#
#######.######.#.##.......# #.#
........# #.#..........# #.#
.#####..# #.#..........# #.# .#
#..# #.#...[......#####.#


You could see a kobold.

Vanquished Creatures
  An adder (D:2)
  A worm (D:2)
  2 bats
  A giant cockroach (D:1)
  2 goblins
  5 hobgoblins
  3 ball pythons
  A giant gecko (D:1)
  A giant newt (D:1)
  2 kobolds
  5 rats
24 creatures vanquished.

Notes
Turn   | Place    | Note
--------------------------------------------------------------
     0 | D:1      | Monkaria the Felid Berserker began the quest for the Orb.
     0 | D:1      | Reached XP level 1. HP: 10/10 MP: 2/2
   404 | D:1      | Reached XP level 2. HP: 14/14 MP: 3/3
  1183 | D:2      | Acquired Trog's second power
  1183 | D:2      | Reached XP level 3. HP: 17/17 MP: 4/4
  1499 | D:1      | Slain by a kobold

Vault maps used:
D:1:      dpeg_arrival_pits, minmay_door_square, hex_intersection
D:2:      wad_lake_hut

Action                   || total
-------------------------++-------
Melee: Unarmed           ||    79
Invok: Trog's Hand       ||     1
 Stab: Sleeping          ||     2
  Eat: Chunk             ||     3
